 Dungeon Crawl Stone Soup version 0.28-a0-48-gfd831c5874 (webtiles) character file.

Game seed: 1128441997864128203

1388 bande the Shield-Bearer (level 8, -4/49 HPs)
             Began as a Gargoyle Fighter on July 30, 2021.
             Slain by a two-headed ogre (21 damage)
             ... on level 6 of the Dungeon.
             The game lasted 00:12:11 (6257 turns).

bande the Shield-Bearer (Gargoyle Fighter)          Turns: 6257, Time: 00:12:12

Health: -4/49      AC: 17    Str: 21    XL:     8   Next: 68%
Magic:  8/8        EV:  6    Int: 10    God:
Gold:   214        SH: 11    Dex:  9    Spells: 7/7 levels left

rFire   . . .      SeeInvis +   a - +1 war axe
rCold   . . .      Faith    +   c - +1 kite shield
rNeg    + . .      Spirit   .   o - +0 chain mail
rPois   ∞          Reflect  .   (no helmet)
rElec   +          Harm     .   s - scarf {repulsion}
rCorr   .          Rampage  .   (no gloves)
Will    .....                   (no boots)
Stlth   ..........              n - amulet of faith
HPRegen 0.16/turn               i - ring of see invisible
MPRegen 0.11/turn               (no ring)

@: repel missiles
A: sickness immunity, AC +5, negative energy resistance 1, electricity
resistance, torment resistance 1, petrification resistance, iridescent scales 1,
passive freeze
a: no special abilities


You were on level 6 of the Dungeon.
You visited 1 branch of the dungeon, and saw 6 of its levels.

You collected 214 gold pieces.

Inventory:

Hand Weapons
 a - a +1 war axe (weapon)
 r - a +0 flail
Missiles
 h - a throwing net (quivered)
Armour
 c - a +1 kite shield (worn)
 o - a +0 chain mail (worn)
 s - a scarf of repulsion (worn)
Jewellery
 f - a ring of wizardry
 i - a ring of see invisible (left hand)
 n - an amulet of faith (around neck)
Wands
 l - a wand of paralysis (10)
Scrolls
 k - a scroll of enchant weapon
Potions
 b - 2 potions of cancellation {unknown}
 d - 2 potions of might
 e - a potion of heal wounds
 g - a potion of brilliance
 j - a potion of berserk rage {unknown}
 m - a potion of resistance {unknown}
 p - 2 potions of curing
 q - a potion of magic {unknown}


   Skills:
 + Level 5.1 Fighting
 + Level 6.1 Axes
 + Level 5.9 Armour
 + Level 1.5 Dodging
 + Level 6.2 Shields
 * Level 1.2 Evocations


You had 7 spell levels left.
You didn't know any spells.
Your spell library contained the following spells:

 Spells                   Type           Power      Damage    Failure   Level
 Stone Arrow              Conj/Erth      0%         3d7       100%        3
 Bolt of Magma            Conj/Fire/Erth 0%         4d4       100%        5
 Shatter                  Erth           0%         3d5*      100%        9


Dungeon Overview and Level Annotations

Branches:
Dungeon (6/15)
 Temple: D:4-7

Altars:
Qazlal
Uskayaw
Wu Jian

Shops:
D:5 :


Innate Abilities, Weirdness & Mutations

You are immune to sickness and miasma.
Your stone body is resilient. (AC +5)
You are immune to poison.
You resist negative energy. (rN+)
You are resistant to electric shocks. (rElec)
You are resistant to unholy torment.
You are immune to petrification.
You are partially covered in iridescent scales. (AC +2)
A frigid envelope surrounds you and freezes all who hurt you.


Message History

The water moccasin is severely wounded.
The water moccasin bites you but does no damage.
The water moccasin is very cold.
The water moccasin seems to slow down.
The water moccasin is almost dead.
You block the water moccasin's attack.
You slash the water moccasin!
You kill the water moccasin!
Your Evocations skill increases to level 1!
No target in view!
No target in view!
No target in view!
No target in view!
No target in view!
No target in view!
Found an embroidered scarf.
Found a hide-covered altar of Uskayaw.
You now have 214 gold pieces (gained 10).
You see here a scarf of repulsion.
A two-headed ogre comes into view.
It is wielding a +0 giant spiked club and a +0 giant club.
The two-headed ogre shouts in stereo!
You see here a scarf of repulsion.
s - a scarf of repulsion You start putting on your armour.
You continue putting on your scarf of repulsion. x4
The two-headed ogre hits you with a +0 giant spiked club!
The two-headed ogre barely misses you.
You finish putting on your scarf of repulsion.
You are surrounded by a repulsion field.
A two-headed ogre is nearby!
You hit the two-headed ogre but do no damage.
The two-headed ogre hits you with a +0 giant spiked club!!
The two-headed ogre is very cold.
The two-headed ogre is lightly wounded.
You block the two-headed ogre's attack.
You are too injured to fight recklessly!
You are too injured to fight recklessly!
You are too injured to fight recklessly!
You slash the two-headed ogre!
The two-headed ogre is moderately wounded.
The two-headed ogre hits you with a +0 giant spiked club!!
You die...

..#.#.#.#.#.#.#
#.#.#.#.#.#.#.
+#.#.#.#†<.#.#
#.#.#.#.#.#.#.
+#.#.#.#.#.#.#
#.#.#.#.#.#.#.#
+#.#.#.#.#...#.#
.#.#.#.....§...§§.
#.#.#..@≈.≈§≈§≈.≈.
#.#.#.O≈....§..≈.
#.#.#.≈.≈...§.≈
#.#.#..≈.≈._.≈.§
+#.#...≈.≈...§.
..#.#..≈?.....
....#.#.≈.≈≈≈≈≈
.....#.#..!......
.....+#.#...#.#..


You could see a two-headed ogre.

Vanquished Creatures
  Sigmund (D:5)
  A water moccasin (D:6)
  An ice beast (D:5)
  A necrophage (D:4)
  6 killer bees (D:5)
  2 jellies (D:5)
  2 orc priests
  A centaur skeleton (D:3)
  4 iguanas
  Natasha (thrice) (D:2)
  4 orc wizards
  A hound skeleton (D:5)
  7 gnolls
  4 adders
  A white imp (D:5)
  An adder skeleton (D:4)
  5 dart slugs
  11 orcs
  7 ball pythons
  9 bats
  5 endoplasms
  8 goblins
  5 hobgoblins
  8 jackals
  3 quokkas
  3 frilled lizards (D:2)
  9 kobolds
  2 rats
115 creatures vanquished.

Vanquished Creatures (collateral kills)
  A bullfrog zombie (D:5)
  A hound (D:5)
2 creatures vanquished.

Vanquished Creatures (others)
  3 plants (D:1)
3 creatures vanquished.

Grand Total: 120 creatures vanquished

Notes
Turn   | Place    | Note
-------+----------+-------------------------------------------
     0 | D:1      | bande the Gargoyle Fighter began the quest for the Orb.
     0 | D:1      | Reached XP level 1. HP: 14/14 MP: 1/1
    33 | D:1      | Found a faded altar of an unknown god.
   159 | D:1      | Reached XP level 2. HP: 19/19 MP: 2/2
   324 | D:1      | Reached XP level 3. HP: 24/24 MP: 3/3
   942 | D:2      | Noticed Natasha
   948 | D:2      | Killed Natasha
   949 | D:2      | Reached XP level 4. HP: 14/29 MP: 4/4
  1508 | D:2      | Noticed Natasha
  1519 | D:2      | Killed Natasha
  1520 | D:2      | Reached XP level 5. HP: 31/33 MP: 5/5
  1698 | D:2      | Noticed Natasha
  1704 | D:2      | Killed Natasha
  2383 | D:3      | Reached XP level 6. HP: 25/38 MP: 6/6
  3891 | D:4      | Identified the +7 spear of Absolution {vorpal, rElec}
  4145 | D:4      | Noticed a necrophage
  4154 | D:4      | Reached XP level 7. HP: 15/44 MP: 7/7
  4171 | D:4      | Reached skill level 5 in Shields
  4397 | D:4      | Reached skill level 1 in Dodging
  4815 | D:5      | Entered Level 5 of the Dungeon
  4835 | D:5      | Reached skill level 5 in Axes
  4840 | D:5      | Found a stormy altar of Qazlal.
  4982 | D:5      | Found Jebamuel's Book Shoppe.
  5086 | D:5      | Reached skill level 5 in Armour
  5100 | D:5      | Reached XP level 8. HP: 32/48 MP: 8/8
  5246 | D:5      | Reached skill level 5 in Fighting
  5376 | D:5      | Gained mutation: You are partially covered in iridescent
                  | scales. (AC +2) [potion of mutation]
  5376 | D:5      | Gained mutation: A frigid envelope surrounds you and
                  | freezes all who hurt you. [potion of mutation]
  5545 | D:5      | Found an ornate altar of the Wu Jian Council.
  5813 | D:5      | Noticed Sigmund
  5825 | D:5      | Killed Sigmund
  6233 | D:6      | Reached skill level 1 in Evocations
  6235 | D:6      | Found a hide-covered altar of Uskayaw.
  6244 | D:6      | Noticed a two-headed ogre
  6257 | D:6      | Slain by a two-headed ogre

Illustrated notes

Levels and vault maps discovered:
D:1:      roderic_crossed_star, layout_basic, shapermc_ecumenical_altar_venn,
          minmay_crystal_water, kennysheep_boxes
D:2:      layout_basic, uniq_natasha
D:3:      layout_basic, corexii_shack, dk_noncrumbling_2, st_stairs_2,
          grunt_ministairs_1
D:4:      layout_basic
D:5:      layout_basic, mainiacjoe_overflow_surrounded_room,
          nicolae_qazlal_general_emergency, serial_shops,
          nicolae_shop_window_shopping, small_statue_intersection, uniq_sigmund
D:6:      layout_basic, mainiacjoe_overflow_cross_hatched, grunt_ministairs_2,
          nicolae_shop_clearance, uniq_eustachio

Skill      XL: |  1  2  3  4  5  6  7  8 |
---------------+-------------------------+-----
Axes           | 2 3 4 5 6 |  6.1
Fighting       | 4 5 |  5.1
Shields        | 4 5 6 |  6.2
Armour         | 4 5 |  5.9
Dodging        | 1 |  1.5
Evocations     | 1 |  1.2

Action                   |  1- 3 |  4- 6 |  7- 9 || total
-------------------------+-------+-------+-------++-------
Melee: War axe           |    61 |   209 |   164 ||   434
  Use: Scroll            |       |     3 |     6 ||     9
       Potion            |       |     2 |     4 ||     6
Armor: Scale mail        |    53 |    86 |       ||   139
       Chain mail        |       |    44 |   124 ||   168
Dodge: Dodged            |    35 |    75 |    50 ||   160
Block: Kite shield       |    53 |   125 |   117 ||   295

Table legend: (Time is in decaauts)
 A = Elapsed time spent in this place.
 B = Non-inter-level travel time spent in this place.
 C = Inter-level travel time spent in this place.
 D = Time resting spent in this place.
 E = Time spent auto-exploring this place.
 F = Levels seen in this place.
 G = Mean time per level.
                   A        B        C        D        E       F      G
               +--------+--------+--------+--------+--------+-----+--------+
         Total |   6482 |   6395 |     87 |   1058 |   3922 |   6 | 1080.3 |
       Dungeon |   6482 |   6395 |     87 |   1058 |   3922 |   6 | 1080.3 |
               +--------+--------+--------+--------+--------+-----+--------+

Top non-repeatable levels by time:
     D:4: 1536 daAuts
     D:5: 1461 daAuts
     D:3: 1301 daAuts
     D:1: 1189 daAuts
     D:2: 964 daAuts
     D:6: 29 daAuts
